 Dungeon Crawl Stone Soup version 0.27.0-1-g7a089689b8 (webtiles) character file.

Game seed: 8304079951169273363

79 Acheron the Chopper (level 4, -4/31 HPs)
             Began as a Human Chaos Knight on Aug 14, 2021.
             Was a Plaything of Xom.
             Slain by a scorpion (7 damage)
             ... on level 4 of the Dungeon.
             The game lasted 00:08:21 (1894 turns).

Acheron the Chopper (Human Chaos Knight)            Turns: 1894, Time: 00:08:24

Health: -4/31      AC:  5    Str: 13    XL:     4   Next: 64%
Magic:  4/4        EV: 11    Int: 12    God:    Xom [...*..]
Gold:   122        SH:  0    Dex: 11    Spells: 3/3 levels left

rFire    . . .     SeeInvis .   m - +2 long sword
rCold    . . .     Faith    .   (no shield)
rNeg     . . .     Spirit   .   b - +2 leather armour
rPois    .         Reflect  .   (no helmet)
rElec    .         Harm     .   (no cloak)
rCorr    .         Rampage  .   (no gloves)
Will     .....                  (no boots)
Stlth    +.........             (no amulet)
HPRegen  0.10/turn              (no ring)
MPRegen  0.09/turn              (no ring)

@: lethally poisoned (-4 -> -15)
A: clumsy 1, frail 1, subdued magic 1
a: Renounce Religion


You were on level 4 of the Dungeon.
You worshipped Xom.
You were a favourite toy of Xom.
You visited 1 branch of the dungeon, and saw 4 of its levels.

You collected 122 gold pieces.

Inventory:

Hand Weapons
 a - a +0 hand axe of chaos
 m - a +2 long sword (weapon)
Missiles
 n - 32 sling bullets
Armour
 b - a +2 leather armour (worn)
Jewellery
 j - a ring of ice
Scrolls
 d - a scroll of teleportation
 e - a scroll of magic mapping
Potions
 c - a potion of haste
 f - 2 potions of curing
 g - a potion of brilliance {unknown}
 h - a potion of flight {unknown}
 i - 2 potions of mutation {unknown}


   Skills:
 + Level 3.3 Fighting
 + Level 0.6 Long Blades
 + Level 3.5 Axes
 * Level 2.5 Armour
 * Level 2.1 Dodging
 * Level 1.2 Stealth


You had 3 spell levels left.
You didn't know any spells.
Your spell library contained the following spells:

 Spells                   Type           Power      Damage    Failure   Level
 Alistair's Intoxication  Tmut/Pois      0%         N/A       100%        5
 Borgnjor's Vile Clutch   Necr/Erth      0%         N/A       100%        5
 Eringya's Noxious Bog    Tmut/Pois      0%         N/A       100%        6


Dungeon Overview and Level Annotations

Branches:
Dungeon (4/15)
 Temple: D:4-7

Altars:

Portals:
Sewer: D:3


Innate Abilities, Weirdness & Mutations

You are clumsy. (Dex -2)
You are frail. (-10% HP)
Your spells are a little easier to cast, but a little less powerful.


Message History

Found a stone staircase leading down.
You now have 108 gold pieces (gained 15).
You see here a +0 ring mail.
You now have 122 gold pieces (gained 14).
Found a stone staircase leading down.
A scorpion comes into view.
Found a scroll of magic mapping.
Found 21 gold pieces and a sedimented inky potion.
You barely miss the scorpion. The scorpion closely misses you.
You riposte.
You hit the scorpion but do no damage. You hit the scorpion.
The scorpion is lightly wounded.
The scorpion barely misses you.
You riposte.
You hit the scorpion.
The scorpion is moderately wounded.
The scorpion stings you.
You barely miss the scorpion.
The scorpion is moderately wounded.
The scorpion closely misses you.
The scorpion stings you but does no damage.
You hit the scorpion but do no damage.
The scorpion is moderately wounded.
The scorpion misses you.
You hit the scorpion.
The scorpion is heavily wounded.
The scorpion stings you.
You are poisoned.
The scorpion poisons you! The scorpion stings you.
You are lethally poisoned!
The scorpion poisons you!
A necrophage comes into view.
You feel very sick.
You hit the scorpion but do no damage.
The scorpion is heavily wounded.
* * * LOW HITPOINT WARNING * * *
You feel very sick. The scorpion stings you.
* * * LOW HITPOINT WARNING * * *
The scorpion stings you!
You die...
Xom giggles madly!

#..#.....###.....# ####..
##.............##(### ##..
............#.###...# #...
#..........#..##.#.# #...
##.####.............##
#.## ...#
#..............###.#
#....##.....#......#.))..#
#.........#........#####
#.###..s@####....#.###
#..#.....#.#......####
.$...##.##..............
......##.#<.####.....####
........##>..# #.....####
!.......##### ##........
..n..?..# #....####
.$......# #....# # ######


You could see a scorpion.

Vanquished Creatures
  A hound skeleton (D:4)
  4 dart slugs
  7 orcs (D:4)
  6 ball pythons
  2 endoplasms
  4 giant cockroaches
  5 goblins
  4 hobgoblins
  2 quokkas (D:1)
  3 bats
  6 frilled lizards
  3 kobolds
  2 rats
49 creatures vanquished.

Vanquished Creatures (others)
  2 orc wizards (D:3)
  An orc (D:3)
3 creatures vanquished.

Grand Total: 52 creatures vanquished

Notes
Turn   | Place    | Note
-------+----------+-------------------------------------------
     0 | D:1      | Acheron the Human Chaos Knight began the quest for the Orb.
     0 | D:1      | Reached XP level 1. HP: 18/18 MP: 1/1
   126 | D:1      | XOM: potion effect (curing)
   134 | D:1      | Reached XP level 2. HP: 20/24 MP: 2/2
   398 | D:1      | XOM: silly message
   546 | D:1      | Reached XP level 3. HP: 12/29 MP: 3/3
  1090 | D:2      | XOM: 1-stop teleportation journey
  1098 | D:2      | XOM: cast spell 'Call Canine Familiar'
  1235 | D:3      | Found a glowing drain.
  1308 | D:3      | XOM: potion effect (might)
  1340 | D:4      | Reached skill level 1 in Stealth
  1344 | D:4      | Reached XP level 4. HP: 32/35 MP: 4/4
  1424 | D:4      | XOM: silly message
  1518 | D:4      | XOM: give mutations
  1518 | D:4      | Gained mutation: Your spells are a little easier to cast,
                  | but a little less powerful. [Xom's mischief]
  1518 | D:4      | Gained mutation: You are frail. (-10% HP) [Xom's mischief]
  1518 | D:4      | Gained mutation: You are clumsy. (Dex -2) [Xom's mischief]
  1883 | D:4      | Noticed a scorpion
  1892 | D:4      | Noticed a necrophage
  1894 | D:4      | Slain by a scorpion

Illustrated notes

Levels and vault maps discovered:
D:1:      minmay_arrival_nine_rooms, layout_rooms
D:2:      layout_basic
D:3:      layout_rooms, portal_sewer_entry_c, kennysheep_orc_chapel,
          uniq_grinder
D:4:      layout_rooms, minmay_overflow_temple_star_quad,
          minmay_temple_entry_stoned_glass

Skill      XL: |  1  2  3  4 |
---------------+-------------+-----
Stealth        | 1 |  1.2
Dodging        | 2 |  2.1
Fighting       | |  3.3
Long Blades    | |  0.6
Axes           | |  3.5
Armour         | |  2.5

Action                   |  1- 3 |  4- 6 || total
-------------------------+-------+-------++-------
Melee: Hand axe          |    68 |       ||    68
       Long sword        |    14 |    44 ||    58
  Use: Scroll            |     7 |     1 ||     8
       Potion            |     2 |       ||     2
Armor: Leather armour    |    43 |    16 ||    59
Dodge: Dodged            |    55 |    20 ||    75
       Rpst.: Long sword |     2 |     6 ||     8
